 Dungeon Crawl Stone Soup version 0.24.0-125-gc4c63601f3 (webtiles) character file.

Game seed: 16290088025042952571, levelgen mode: deterministic

39 Johnny the Poker (level 3, -2/29 HPs)
             Began as a Demigod Gladiator on Feb 17, 2020.
             Slain by an adder (4 damage)
             ... on level 2 of the Dungeon.
             The game lasted 00:00:52 (626 turns).

Johnny the Poker (Demigod Gladiator)                 Turns: 626, Time: 00:00:53

Health: -2/29      AC:  6    Str: 19    XL:     3   Next: 13%
Magic:  5/5        EV: 12    Int: 17    God:
Gold:   70         SH:  0    Dex: 17    Spells: 2/2 levels left

rFire    . . .     SeeInvis .   a - +0 trident
rCold    . . .     Gourm    .   (no shield)
rNeg     . . .     Faith    .   g - +0 ring mail
rPois    .         Spirit   .   c - +0 helmet
rElec    .         Reflect  .   (no cloak)
rCorr    .         Harm     .   (no gloves)
MR       .....                  (no boots)
Stlth    +.........             (no amulet)
HPRegen  0.09/turn              (no ring)
MPRegen  0.09/turn              (no ring)

@: brilliant, lethally poisoned (-2 -> -10), hasted, very quick
A: high mp 1
a: no special abilities


You were on level 2 of the Dungeon.
You were not hungry.

You visited 1 branch of the dungeon, and saw 2 of its levels.

You collected 70 gold pieces.

Inventory:

Hand Weapons
 a - a +0 trident (weapon)
Missiles
 d - 3 throwing nets (quivered)
Armour
 c - a +0 helmet (worn)
 g - a +0 ring mail (worn)
Scrolls
 e - a scroll of teleportation {unknown}
 h - a scroll of magic mapping {unknown}
 j - a scroll of fog {unknown}
 k - 2 scrolls of remove curse {unknown}
 l - a scroll of identify {unknown}
 m - 2 scrolls of random uselessness {unknown}
Potions
 n - a potion of resistance {unknown}
Comestibles
 f - a ration


   Skills:
 - Level 1.7 Fighting
 + Level 4.0 Polearms
 - Level 1.7 Throwing
 - Level 2.6 Dodging


You had 2 spell levels left.
You didn't know any spells.
Your spell library was empty.

Dungeon Overview and Level Annotations

Branches:
Dungeon (2/15)


Innate Abilities, Weirdness & Mutations

You have an increased reservoir of magic. (+10% MP)


Message History

You miss the adder.
The adder is lightly wounded.
The adder bites you but does no damage. The adder barely misses you.
You hit the adder but do no damage.
The adder is lightly wounded.
You feel sick. The adder completely misses you.
Unknown command.
You hit the adder but do no damage.
The adder is lightly wounded.
The adder bites you but does no damage. The adder bites you.
* * * LOW HITPOINT WARNING * * *
You are more poisoned.
The adder poisons you!
It was a potion of haste.
You feel yourself speed up.
* * * LOW HITPOINT WARNING * * *
You feel sick. The adder barely misses you.
It was a potion of brilliance.
You feel clever all of a sudden. The adder bites you.
You die...

....... .......# ###
. ..(....# ..## ..
......# ..# ...
....## #.# ....
#...# #.#####[....
#...#####...........
#..)..@Sg.......#
##.#######..##.....#
#.# ##...##.... #.#
###.# ... #.## ... .
#..## ...# #...##
.#.# #.#..# ...
#.##.#


You could see an adder and a hobgoblin.

Vanquished Creatures
  2 dart slugs (D:1)
  A leopard gecko (D:2)
  3 giant cockroaches (D:1)
  4 goblins (D:1)
  4 hobgoblins (D:1)
  8 kobolds (D:1)
  5 bats
  A frilled lizard (D:1)
  3 rats (D:1)
31 creatures vanquished.

Notes
Turn   | Place    | Note
-------+----------+-------------------------------------------
     0 | D:1      | Johnny the Demigod Gladiator began the quest for the Orb.
     0 | D:1      | Reached XP level 1. HP: 17/17 MP: 3/3
     2 | D:1      | Noticed a troll
     2 | D:1      | Noticed a vine stalker
     4 | D:1      | Noticed an octopode
     4 | D:1      | Noticed a dwarf
     6 | D:1      | Noticed a halfling
     6 | D:1      | Noticed a ghoul
     8 | D:1      | Noticed a spriggan
     8 | D:1      | Noticed an elf
    10 | D:1      | Noticed a tengu
    10 | D:1      | Noticed a centaur
    12 | D:1      | Noticed a demonspawn
    12 | D:1      | Noticed an ogre
    14 | D:1      | Noticed a demigod
    16 | D:1      | Noticed a draconian
    18 | D:1      | Noticed a gargoyle
    18 | D:1      | Noticed a formicid
    20 | D:1      | Noticed a merfolk
    20 | D:1      | Noticed a human
    22 | D:1      | Noticed a minotaur
    24 | D:1      | Noticed a naga
    24 | D:1      | Noticed a vampire
    26 | D:1      | Noticed a felid
    52 | D:1      | Reached skill level 3 in Polearms
   116 | D:1      | Reached XP level 2. HP: 16/24 MP: 4/4
   501 | D:1      | Reached XP level 3. HP: 29/29 MP: 5/5
   563 | D:2      | Reached skill level 4 in Polearms
   626 | D:2      | Slain by an adder

Levels and vault maps discovered:
D:1:      kb_arrival_jail, layout_basic
D:2:      layout_rooms, old_standard_altar, uniq_jessica, uniq_natasha

Skill      XL: |  1  2  3 |
---------------+----------+-----
Polearms       | 3 4 |  4.0
Fighting       | |  1.7
Throwing       | |  1.7
Dodging        | |  2.6

Action                   || total
-------------------------++-------
Melee: Trident           ||    83
  Use: Potion            ||     2
Armor: Leather armour    ||     5
       Ring mail         ||    16
Dodge: Dodged            ||    44
